 Dungeon Crawl Stone Soup version 0.29.1-2-gbd0b4ee654 (webtiles) character file.

Game seed: 11474323492953739727

236 firemarshallily the Sneak (level 6, -2/69 HPs)
             Began as an Octopode Brigand on Oct 27, 2022.
             Was a Priest of Cheibriados.
             Slain by an iguana (4 damage)
             ... on level 4 of the Dungeon.
             The game lasted 00:08:51 (2929 turns).

firemarshallily the Sneak (Octopode Brigand)        Turns: 2929, Time: 00:08:52

Health: -2/69      AC: 23    Str: 17    XL:     6   Next: 6%
Magic:  6/6        EV:  2    Int: 24    God:    Cheibriados [***...]
Gold:   37         SH:  0    Dex: 23    Spells: 5/5 levels left

rFire   + . .      SeeInvis +   a - +2 dagger
rCold   + . .      Faith    .   (no shield)
rNeg    . . .      Spirit   .   (helmet currently unavailable)
rPois   +          Reflect  .   (no amulet)
rElec   +          Harm     .   f - +6 ring of intelligence
rCorr   +          Rampage  .   h - ring of see invisible
Will    .....      NoTele   +   s - ring of flight
Stlth   ++++......              A - ring of poison resistance
HPRegen 0.21/turn               (no ring)
MPRegen 0.10/turn               (no ring)
                                (no ring)
                                (no ring)

@: tree-form (expiring), resistant, very slow
A: stationary, stasis, torment immunity, boosted hp, almost no armour,
(amphibious), 8 rings, (camouflage 1), (gelatinous body 1), (nimble swimmer 1),
(tentacles), dopey 1, robust 1
a: Renounce Religion, Bend Time, Temporal Distortion


You were on level 4 of the Dungeon.
You worshipped Cheibriados.
Cheibriados was most pleased with you.
You were a tree.
You visited 1 branch of the dungeon, and saw 4 of its levels.

You collected 179 gold pieces.
You spent 142 gold pieces at shops.

Inventory:

Hand Weapons
 a - a +2 dagger (weapon)
Missiles
 b - 12 poisoned darts (quivered)
 c - 3 curare-tipped darts
 k - 72 stones
 t - 2 boomerangs
Jewellery
 f - a +6 ring of intelligence (left branch)
 h - a ring of see invisible (right branch)
 s - a ring of flight (on tentacle)
 A - a ring of poison resistance (on tentacle)
Scrolls
 j - a scroll of amnesia {unknown}
 m - 4 scrolls of teleportation
 n - a scroll of fog {unknown}
 p - 2 scrolls of poison {unknown}
 q - a scroll of acquirement {unknown}
 u - a scroll of immolation
 w - 2 scrolls of vulnerability {unknown}
 y - 3 scrolls of blinking {unknown}
 z - a scroll of enchant weapon
Potions
 d - a potion of lignification
 l - a potion of ambrosia {unknown}
 r - a potion of berserk rage {unknown}
 x - a potion of brilliance {unknown}


   Skills:
 + Level 3.0 Fighting
 * Level 3.8 Short Blades
 - Level 2.0 Throwing
 + Level 2.4 Dodging
 * Level 7.1 Stealth


You had 5 spell levels left.
You didn't know any spells.
Your spell library contained the following spells:

 Spells                   Type           Power      Damage    Failure   Level
 Beastly Appendage        Tmut           0%         N/A       14%         1
 Magic Dart               Conj           0%         1d3       14%         1
 Summon Small Mammal      Summ           0%         N/A       14%         1
 Call Imp                 Summ           0%         N/A       22%         2
 Wereblood                Tmut           0%         N/A       22%         2
 Call Canine Familiar     Summ           0%         N/A       41%         3
 Dazzling Flash           Conj/Hex       0%         N/A       41%         3
 Mephitic Cloud           Conj/Pois/Air  0%         N/A       41%         3
 Spider Form              Tmut/Pois      0%         N/A       41%         3
 Summon Guardian Golem    Hex/Summ       0%         N/A       41%         3
 Agony                    Necr           0%         N/A       99%         5
 Silence                  Hex/Air        0%         N/A       99%         5
 Orb of Destruction       Conj           0%         9d5       100%        7
 Spellforged Servitor     Conj/Summ      0%         N/A       100%        7


Dungeon Overview and Level Annotations

Branches:
Dungeon (4/15)
 Temple: D:4-7

Altars:
Cheibriados
Uskayaw

Shops:
D:1 !   D:2 ?

Annotations:
D:3 exclusion: door


Innate Abilities, Weirdness & Mutations

You are a tree.
Your roots penetrate the ground, keeping you stationary.
You cannot be teleported.
You are immune to unholy pain and torment.
Your maximum health is greatly increased.
You cannot wear most types of armour.
((You are amphibious.))
You can wear up to eight rings at the same time.
((Your skin changes colour to match your surroundings (Stealth+).))
((Your rubbery body absorbs attacks. (AC +1, EV +1)))
((You are camouflaged when in or above water. (Stealth+)))
((You have tentacles for arms and can constrict up to eight enemies at once.))
You are dopey. (Int -2)
You are robust. (+10% HP)


Message History

You hit the iguana.
The iguana is heavily wounded.
Your kobold misses the phantom.
Your endoplasm closely misses the phantom.
Your adder bites the phantom but does no damage.
The phantom hits you but does no damage.
The iguana bites you but does no damage.
You hit the iguana but do no damage.
The iguana is heavily wounded.
Your transformation is almost over.
Your adder bites the phantom.
Your kobold closely misses the phantom.
Your endoplasm hits the phantom but does no damage.
The phantom hits you but does no damage.
The iguana bites you but does no damage.
You hit the iguana.
The iguana is severely wounded.
Your adder bites the phantom but does no damage.
Your kobold hits the phantom with a +0 dagger.
Your endoplasm barely misses the phantom.
Unknown command.
You hit the iguana but do no damage.
The iguana is severely wounded.
The phantom hits you but does no damage.
The iguana barely misses you.
Your adder barely misses the phantom.
Your kobold barely misses the phantom.
Your endoplasm freezes the phantom.
The phantom is frozen.
The phantom completely resists.
You hit the iguana.
The iguana is almost dead.
Your adder bites the phantom.
The phantom hits you but does no damage.
The iguana bites you but does no damage.
Unknown command.
You hit the iguana but do no damage.
The iguana is almost dead.
Your kobold closely misses the phantom.
Your adder bites the phantom.
Your endoplasm hits the phantom.
The phantom hits you but does no damage.
The iguana bites you.
You die...

###......#
###.....## ...J.
..........#
#....
..........## ...
##....
....##.#...#[...
##.....
....##.#...l#..
......
.....>..........
#....
.....#..#...#...
#....
.....KJ♣#.......
#...<
....#SW.l.#.....
###..
..............##
#..
.......#...#...#
#.. ......#
....#... #..
...... ......
... .....#
#.##### #.#
..... ## ..


You could see a phantom (ally target), an iguana, a friendly adder (summoned), a
friendly endoplasm (summoned) and a friendly kobold (summoned).

Vanquished Creatures
  A centaur (D:4)
  Jessica (D:2)
  An iguana (D:4)
  3 adders
  3 dart slugs
  An orc (D:3)
  5 ball pythons
  8 bats
  7 endoplasms
  4 giant cockroaches
  3 goblins
  4 hobgoblins
  8 jackals
  2 quokkas (D:2)
  4 frilled lizards
  8 kobolds
  5 rats
68 creatures vanquished.

Notes
Turn   | Place    | Note
-------+----------+-------------------------------------------
     0 | D:1      | firemarshallily the Octopode Brigand began the quest for
                  | the Orb.
     0 | D:1      | Reached XP level 1. HP: 14/14 MP: 1/1
   120 | D:1      | Reached XP level 2. HP: 19/19 MP: 2/2
   307 | D:1      | Found a faded altar of an unknown god.
   336 | D:1      | Prayed at the altar of an unknown god.
   336 | D:1      | Became a worshipper of Cheibriados the Contemplative
   336 | D:1      | Reached * piety under Cheibriados
   353 | D:1      | Found Yryez's Distillery.
   362 | D:1      | Bought a potion of degeneration for 10 gold pieces
   971 | D:2      | Reached XP level 3. HP: 22/24 MP: 3/3
  1090 | D:2      | Found Ixaamm's Magic Scroll Shoppe.
  1313 | D:2      | Noticed Jessica
  1314 | D:2      | Killed Jessica
  1315 | D:2      | Reached skill level 6 in Stealth
  1315 | D:2      | Reached XP level 4. HP: 30/30 MP: 4/4
  1322 | D:2      | Reached ** piety under Cheibriados
  1897 | D:1      | Bought a potion of heal wounds for 50 gold pieces
  2199 | D:3      | Noticed a +0 falchion
  2199 | D:3      | Noticed a +0 short sword
  2200 | D:3      | Noticed a +0 spear
  2200 | D:3      | Noticed a +0 short sword
  2200 | D:3      | Noticed a +0 falchion
  2200 | D:3      | Noticed a +0 dagger
  2200 | D:3      | Noticed a +0 spear
  2201 | D:3      | Noticed a +0 dagger
  2218 | D:3      | Found a hide-covered altar of Uskayaw.
  2229 | D:3      | Reached *** piety under Cheibriados
  2235 | D:3      | Reached XP level 5. HP: 35/35 MP: 5/5
  2613 | D:2      | Bought a scroll of identify for 26 gold pieces
  2613 | D:2      | Bought a scroll of identify for 26 gold pieces
  2689 | D:1      | Bought a potion of curing for 30 gold pieces
  2782 | D:4      | Noticed a phantom
  2890 | D:4      | Noticed a centaur
  2893 | D:4      | Noticed a phantom
  2900 | D:4      | Gained mutation: You are dopey. (Int -2) [potion of
                  | mutation]
  2900 | D:4      | Gained mutation: You are robust. (+10% HP) [potion of
                  | mutation]
  2913 | D:4      | Killed a centaur
  2914 | D:4      | Reached skill level 7 in Stealth
  2914 | D:4      | Reached XP level 6. HP: 9/46 MP: 6/6
  2919 | D:4      | HP: 1/69 [iguana (3)]
  2929 | D:4      | Slain by an iguana

Illustrated notes

Levels and vault maps discovered:
D:1:      dpeg_arrival_tiny_h, layout_basic,
          ebering_ecumenical_altar_sacrificial, serial_shops,
          nicolae_lakefront_shop, grunt_decor_mini_mirrors
D:2:      layout_basic, serial_shops, shop_scrolls, minmay_misc_feat_doors,
          uniq_jessica
D:3:      layout_basic, nicolae_uskayaw_en_pointe
D:4:      layout_rooms, mainiacjoe_overflow_24_doors, serial_shops,
          nicolae_shop_statue_plus, minmay_manual_moon

Skill      XL: |  1  2  3  4  5 |
---------------+----------------+-----
Stealth        | 6 7 |  7.1
Short Blades   | 3 |  3.8
Dodging        | 2 |  2.4
Fighting       | 3 |  3.0
Throwing       | |  2.0

Action                   |  1- 3 |  4- 6 || total
-------------------------+-------+-------++-------
Melee: Dagger            |    49 |    85 ||   134
       Constrict         |    13 |    13 ||    26
       Tentacles         |     6 |     7 ||    13
       Punch             |       |     1 ||     1
Throw: Dart              |     1 |       ||     1
  Use: Potion            |       |     6 ||     6
       Scroll            |       |     4 ||     4
 Stab: Sleeping          |    12 |    11 ||    23
Armor: Skin              |     9 |    57 ||    66
Dodge: Dodged            |    25 |    45 ||    70
